 Dungeon Crawl Stone Soup version 0.27.1-37-g7b29ead8ac (webtiles) character file.

Game seed: 13144677808251766386

30202 Sharkman1231 the Spear-Bearer (level 13, 0/103 HPs)
             Began as a Demonspawn Gladiator on Aug 22, 2023.
             Was the Champion of Okawaru.
             Slain by an orc warrior (15 damage)
             ... led by an orc knight
             ... on level 15 of the Dungeon on Dec 17, 2023.
             The game lasted 00:26:04 (17030 turns).

Sharkman1231 the Spear-Bearer (DsGl)               Turns: 17030, Time: 00:26:04

Health: 0/103      AC: 16    Str: 11      XL:     13   Next: 19%
Magic:  20/20      EV: 16    Int: 14 (16) God:    Okawaru [******]
Gold:   565        SH:  0    Dex: 18      Spells: 12/12 levels left

rFire    . . .     SeeInvis .   R - +1 trident (venom)
rCold    + + .     Faith    .   (no shield)
rNeg     . . .     Spirit   .   Z - +0 ice dragon scales
rPois    .         Reflect  .   C - +1 hat
rElec    +         Harm     .   V - +1 cloak "Geocurchebea" {Regen+}
rCorr    .         Rampage  .   n - +0 pair of gloves
Will     .....                  (no boots)
Stlth    +.........             K - amulet of regeneration
HPRegen  2.27/turn              q - ring of the Fool {rElec rF+ Str-5 Int+6}
MPRegen  0.17/turn              M - +4 ring of evasion

@: no status effects
A: antennae 2, molten scales 2, ignite blood 1
a: Renounce Religion, Heroism, Finesse


You were on level 15 of the Dungeon.
You worshipped Okawaru.
Okawaru was exalted by your worship.
You visited 2 branches of the dungeon, and saw 16 of its levels.
You visited the Abyss 1 time.
You also visited: Ossuary, Gauntlet and Ice Cave.

You collected 915 gold pieces.
You spent 350 gold pieces at shops.

Inventory:

Hand Weapons
 a - a +4 trident of freezing
 d - a +3 antimagic bardiche
 R - a +1 trident of venom (weapon)
Missiles
 b - 8 curare-tipped darts (quivered)
Armour
 j - a +0 troll leather armour
 n - a +0 pair of gloves (worn)
 C - a +1 hat (worn)
 D - a +2 cloak of stealth
 V - the +1 cloak "Geocurchebea" (worn) {Regen+}
   (You found it in a Gauntlet)

   Regen:     It increases your rate of health regeneration.
 Z - +0 ice dragon scales (worn)
Jewellery
 f - a ring of protection from fire
 p - a ring of see invisible
 q - the ring of the Fool (left hand) {rElec rF+ Str-5 Int+6}
   (You found it in a Gauntlet)

   [ring of intelligence]

   Str:       It affects your strength (-5).
   Int:       It affects your intelligence (+6).
   rF:        It protects you from fire.
   rElec:     It insulates you from electricity.
 K - an amulet of regeneration (around neck)
 M - a +4 ring of evasion (right hand)
 P - a +6 ring of dexterity
 Q - a +4 ring of evasion
Wands
 s - a wand of flame (85)
 J - a wand of digging (2)
 L - a wand of polymorph (6)
 X - a wand of mindburst (13)
Scrolls
 e - 2 scrolls of silence
 g - a scroll of amnesia
 h - 3 scrolls of teleportation
 r - a scroll of fear
 u - 2 scrolls of vulnerability
 w - 6 scrolls of enchant armour
 y - 3 scrolls of enchant weapon
 A - a scroll of torment
 I - 4 scrolls of fog
 O - 2 scrolls of identify
 S - a scroll of immolation
 T - a scroll of summoning
Potions
 l - 6 potions of mutation
 m - 3 potions of curing
 t - 2 potions of magic
 v - 2 potions of flight
 x - 2 potions of ambrosia
 z - 3 potions of invisibility
 B - 4 potions of berserk rage
 E - 4 potions of resistance
 F - 2 potions of cancellation
 G - 2 potions of attraction


   Skills:
 - Level 10.0 Fighting
 - Level 14.0 Polearms
 - Level 1.7 Throwing
 - Level 10.0 Dodging
 + Level 3.0 Stealth
 - Level 10.0 Invocations
 - Level 2.9 Evocations


You had 12 spell levels left.
You didn't know any spells.
Your spell library contained the following spells:

 Spells                   Type           Power      Damage    Failure   Level
 Magic Dart               Conj           0%         1d3       95%         1
 Pain                     Necr           0%         1d4       95%         1
 Searing Ray              Conj           0%         3d3       99%         2
 Static Discharge         Conj/Air       0%         N/A       99%         2
 Dazzling Flash           Conj/Hex       0%         N/A       100%        3
 Ignite Poison            Fire/Tmut/Pois 0%         N/A       100%        3
 Mephitic Cloud           Conj/Pois/Air  0%         N/A       100%        3
 Tukima's Dance           Hex            0%         N/A       100%        3
 Fulminant Prism          Conj/Hex       0%         3d6       100%        4
 Passage of Golubria      Tloc           N/A        N/A       100%        4
 Agony                    Necr           0%         N/A       100%        5
 Alistair's Intoxication  Tmut/Pois      0%         N/A       100%        5
 Bolt of Magma            Conj/Fire/Erth 0%         4d4       100%        5
 Borgnjor's Vile Clutch   Necr/Erth      0%         N/A       100%        5
 Excruciating Wounds      Necr           0%         N/A       100%        5
 Lightning Bolt           Conj/Air       0%         1d11      100%        5
 Silence                  Hex/Air        0%         N/A       100%        5
 Yara's Violent Unravell  Hex/Tmut       0%         3d3       100%        5
 Eringya's Noxious Bog    Tmut/Pois      0%         N/A       100%        6
 Maxwell's Capacitive Co  Air            0%         ∞         100%        8


Dungeon Overview and Level Annotations

Branches:
Dungeon (15/15)            Temple (1/1) D:5            Lair (0/6) D:10
    Orc (0/2) D:12        Ossuary (visited)           IceCv (visited)
Gauntlet (visited)
 Vaults: D:13-14     Depths: D:15

Altars:
Ashenzari
Cheibriados
Dithmenos
Elyvilon
Fedhas
Gozag
Hepliaklqana
Kikubaaqudgha
Makhleb
Nemelex Xobeh
Okawaru
Qazlal
Ru
Sif Muna
Trog
Uskayaw
Vehumet
Wu Jian
Xom
Yredelemnul
Zin
The Shining One
Beogh
Jiyva

Shops:
D:4 :   D:9 ?

Annotations:
D:9 1 transporter, exclusion: two-headed ogre
D:11 Urug


Innate Abilities, Weirdness & Mutations

You have a pair of antennae on your head.
You are mostly covered in molten scales. (AC +3)
Your demonic aura sometimes causes spilled blood to erupt in flames.


Message History

The iceblast engulfs the orc warrior.
The orc warrior is moderately wounded.
The iceblast engulfs the orc priest!
You kill the orc priest!
Okawaru accepts your kill.
The now-empty wand crumbles to dust.
You hear a horrible gurgling sound! x2
The orc knight hits you with a +0 long sword!
The orc warrior closely misses you.
The orc warrior hits you from afar with a +0 glaive!!
* * * LOW HITPOINT WARNING * * *
You hear a horrible gurgling sound!
You feel your intelligence returning.
Your Stealth skill increases to level 3!
Unknown command.
The orc knight hits you with a +0 long sword!
* * * LOW HITPOINT WARNING * * *
Aiming: Paralyse
Press: ? - help, Shift-Dir - straight line, f/p - orc warrior
Aim: an orc warrior, wielding a +3 battleaxe and wearing a +0 plate armour (moderately wounded, strong, chance to affect: 54%)
The orc knight suddenly stops moving!
The now-empty wand crumbles to dust.
Unknown command.
The helpless orc knight fails to defend itself.
You hit the orc knight but do no damage.
The orc knight is poisoned.
The orc knight is lightly wounded.
The orc warrior no longer looks unusually strong.
The helpless orc knight fails to defend itself.
You puncture the orc knight!
The orc knight looks as sick as possible!
The orc knight is moderately wounded.
The orc warrior hits you with a +3 battleaxe!
* * * LOW HITPOINT WARNING * * *
The orc knight is engulfed in blazing flames.
The orc warrior misses you.
The helpless orc knight fails to defend itself.
You hit the orc knight.
The orc knight is severely wounded.
The orc warrior hits you with a +3 battleaxe!
You die...

#...## #....## ###
#.....####.#
#..........######
#....?...........
#................
##o...............
#@oo.....<)......#
##.........)......
#################


You could see an orc knight (paralysed, extremely poisoned) and 2 orc warriors.

Vanquished Creatures
  Kirke (D:13)
  A very ugly thing (IceCv)
  Nessos (D:13)
  A minotaur (Gauntlet)
  A rakshasa (D:13)
  An ice dragon (D:14)
  2 hydras
  2 centaur warriors
  A ghost crab (Gauntlet)
  A boulder beetle (D:11)
  3 two-headed ogres
  An orange crystal statue (IceCv)
  Pikel (D:5)
  A wolf spider (Gauntlet)
  2 deep elf pyromancers
  An ugly thing (D:13)
  A moth of wrath (Gauntlet)
  2 cyclopes
  3 manticores
  Maurice (D:10)
  4 gargoyles
  An unseen horror (D:10)
  A kobold demonologist (D:12)
  An anaconda simulacrum (IceCv)
  A minotaur zombie (Gauntlet)
  A golden dragon simulacrum (IceCv)
  2 trolls
  A hornet (D:10)
  5 slime creatures (D:14)
  2 shadows
  3 redbacks (Gauntlet)
  5 yaks (D:8)
  A wraith (Ossuary)
  Sigmund (D:4)
  A dire elephant simulacrum (IceCv)
  4 hogs (D:13)
  A wyvern (D:9)
  7 vampire mosquitoes (D:12)
  3 harpy simulacra (IceCv)
  2 acid dragons
  A hydra simulacrum (IceCv)
  An ice beast (D:5)
  7 orc warriors
  A sky beast (D:6)
  A black bear (D:8)
  2 necrophages
  A tengu (shapeshifter) (D:13)
  An alligator simulacrum (IceCv)
  2 ogres (D:5)
  3 centaurs
  2 lemures (D:5)
  2 bullfrogs
  4 kobold brigands
  A gnoll sergeant (D:13)
  A scorpion (D:6)
  A wyvern skeleton (D:7)
  A water moccasin zombie (D:6)
  A water moccasin skeleton (D:5)
  17 killer bees
  2 lindwurm simulacra (IceCv)
  8 wights (D:8)
  3 howler monkeys
  A centaur zombie (D:9)
  A bullfrog zombie (D:5)
  4 hounds
  3 jellies
  A bullfrog skeleton (D:6)
  Crazy Yiuf (D:4)
  8 orc priests
  Jessica (D:2)
  An iguana (D:6)
  Ijyb (D:5)
  Terence (D:2)
  21 orc wizards
  2 killer bee zombies
  A hound skeleton (D:4)
  3 mummies (Ossuary)
  8 gnolls
  4 adders
  A white imp (D:7)
  A worm (D:2)
  3 dart slugs
  41 orcs
  12 ball pythons
  9 endoplasms
  7 giant cockroaches
  A gnoll zombie (Ossuary)
  6 goblins
  5 hobgoblins
  8 jackals
  6 quokkas
  6 bats
  5 frilled lizards
  A goblin zombie (Ossuary)
  4 hobgoblin zombies (Ossuary)
  12 kobolds
  4 kobold zombies (Ossuary)
  An orc zombie (Ossuary)
  6 rats
339 creatures vanquished.

Vanquished Creatures (collateral kills)
  A golden dragon simulacrum (IceCv)
  An alligator simulacrum (IceCv)
  A lindwurm simulacrum (IceCv)
3 creatures vanquished.

Vanquished Creatures (others)
  A golden dragon simulacrum (IceCv)
  An anaconda simulacrum (IceCv)
  A vampire (D:13)
  A dire elephant simulacrum (IceCv)
  An orc wizard (D:9)
  A fungus (Gauntlet)
  3 plants (Gauntlet)
  25 withered plants (Gauntlet)
34 creatures vanquished.

Grand Total: 376 creatures vanquished

Notes
Turn   | Place    | Note
-------+----------+-------------------------------------------
     0 | D:1      | Sharkman1231 the Demonspawn Gladiator began the quest for
                  | the Orb.
     0 | D:1      | Reached XP level 1. HP: 16/16 MP: 1/1
   250 | D:1      | Reached skill level 3 in Polearms
   311 | D:1      | Gained mutation: You have a pair of small antennae on your
                  | head. [demonic ancestry]
   311 | D:1      | Reached XP level 2. HP: 12/22 MP: 2/2
  1297 | D:2      | Reached XP level 3. HP: 27/28 MP: 3/3
  1327 | D:2      | You fall into a shaft and drop 1 floor!
  1531 | D:3      | Noticed a necrophage
  1576 | D:3      | Killed a necrophage
  1577 | D:3      | Reached skill level 4 in Polearms
  1577 | D:3      | Gained mutation: You are partially covered in molten
                  | scales. (AC +2) [demonic ancestry]
  1577 | D:3      | Reached XP level 4. HP: 35/35 MP: 4/4
  1787 | D:3      | Reached XP level 5. HP: 33/41 MP: 5/5
  2488 | D:2      | Noticed Terence
  2506 | D:2      | Killed Terence
  2657 | D:2      | Noticed Jessica
  2673 | D:2      | Killed Jessica
  3121 | D:3      | Gained mutation: You have a pair of antennae on your head.
                  | [demonic ancestry]
  3121 | D:3      | Reached XP level 6. HP: 18/43 MP: 6/6
  3714 | D:4      | Found a broken altar of Ashenzari.
  3755 | D:4      | Found Nexil's Book Shoppe.
  3840 | D:4      | Found a sand-covered staircase.
  3855 | Ossuary  | Entered an ossuary
  3855 | Ossuary  | Noticed a wraith
  3855 | Ossuary  | Noticed a wraith
  3855 | Ossuary  | Noticed a wraith
  4182 | Ossuary  | Reached skill level 5 in Polearms
  4278 | Ossuary  | Noticed a wraith
  4308 | Ossuary  | Killed a wraith
  4309 | Ossuary  | Reached XP level 7. HP: 54/54 MP: 7/7
  4540 | D:4      | Identified the +9 mace "Okudosyd" {flame, *Rage Str+8}
  4547 | D:4      | Found a runed translucent door.
  4548 | D:4      | Noticed Crazy Yiuf
  4554 | D:4      | Killed Crazy Yiuf
  4699 | D:4      | Found a hide-covered altar of Uskayaw.
  4777 | D:4      | Noticed Sigmund
  4782 | D:4      | Killed Sigmund
  4783 | D:4      | Reached skill level 6 in Polearms
  5456 | D:5      | Entered Level 5 of the Dungeon
  5474 | D:5      | Found a stormy altar of Qazlal.
  5543 | D:5      | Noticed Ijyb
  5552 | D:5      | Killed Ijyb
  5859 | D:5      | Reached skill level 5 in Fighting
  5878 | D:5      | Reached skill level 5 in Dodging
  5878 | D:5      | Reached XP level 8. HP: 9/62 MP: 8/8
  6458 | D:5      | Reached skill level 7 in Polearms
  6634 | D:5      | Noticed Pikel
  6664 | D:5      | Killed Pikel
  7152 | D:5      | Found a staircase to the Ecumenical Temple.
  7262 | Temple   | Entered the Ecumenical Temple
  7451 | Temple   | Became a worshipper of Warmaster Okawaru
  7548 | D:6      | Reached skill level 8 in Polearms
  7555 | D:6      | Reached XP level 9. HP: 69/69 MP: 9/9
  7965 | D:6      | Reached * piety under Okawaru
  8357 | D:6      | Found an ornate altar of the Wu Jian Council.
  8364 | D:6      | Found a snail-covered altar of Cheibriados.
  8365 | D:6      | Found a burning altar of Makhleb.
  8365 | D:6      | Found an opulent altar of Gozag.
  8367 | D:6      | Found a radiant altar of Vehumet.
  8368 | D:6      | Found a shimmering blue altar of Sif Muna.
  8369 | D:6      | Found a sacrificial altar of Ru.
  8523 | D:6      | Noticed an eight-headed hydra
  8800 | D:6      | Killed an eight-headed hydra
  8801 | D:6      | Reached skill level 9 in Polearms
  9402 | D:7      | Reached skill level 1 in Invocations
 10175 | D:8      | Reached ** piety under Okawaru
 10413 | D:8      | Found a basalt altar of Yredelemnul.
 10538 | D:8      | Reached XP level 10. HP: 70/79 MP: 11/11
 10584 | D:8      | Found a shimmering altar of Xom.
 10595 | D:8      | Noticed a two-headed ogre
 10611 | D:8      | Killed a two-headed ogre
 10612 | D:8      | Reached skill level 10 in Polearms
 10802 | D:8      | Reached *** piety under Okawaru
 11139 | D:9      | Noticed a two-headed ogre
 11245 | D:9      | Found a transporter.
 11416 | D:9      | Reached skill level 5 in Invocations
 11417 | D:9      | Reached skill level 1 in Evocations
 11523 | D:9      | Found Kimakuev's Magic Scroll Emporium.
 11529 | D:9      | Bought a scroll of enchant weapon for 82 gold pieces
 11529 | D:9      | Bought a scroll of enchant armour for 82 gold pieces
 11529 | D:9      | Bought a scroll of fog for 22 gold pieces
 11529 | D:9      | Bought a scroll of identify for 22 gold pieces
 11529 | D:9      | Bought a scroll of identify for 22 gold pieces
 11529 | D:9      | Bought a scroll of silence for 82 gold pieces
 11529 | D:9      | Bought a scroll of immolation for 38 gold pieces
 11637 | D:9      | Found a viscous altar of Jiyva.
 11637 | D:9      | Noticed a great orb of eyes
 11679 | D:9      | Reached **** piety under Okawaru
 11986 | D:10     | Entered Level 10 of the Dungeon
 12126 | D:10     | Found a staircase to the Lair.
 12254 | D:10     | Gained mutation: Your demonic aura sometimes causes spilled
                  | blood to erupt in flames. [demonic ancestry]
 12254 | D:10     | Reached XP level 11. HP: 59/87 MP: 15/15
 12275 | D:10     | Noticed Maurice
 12298 | D:10     | Killed Maurice
 12355 | D:10     | You fall into a shaft and drop 1 floor!
 12500 | D:11     | Noticed a six-headed hydra
 12514 | D:11     | Killed a six-headed hydra
 12515 | D:11     | Reached skill level 11 in Polearms
 12566 | D:11     | Reached ***** piety under Okawaru
 12925 | D:11     | Noticed Urug
 12944 | D:11     | Noticed a boulder beetle
 12963 | D:11     | Killed a boulder beetle
 13265 | D:12     | Found a gate leading to a gauntlet.
 13274 | Gauntlet | Entered a Gauntlet
 13274 | Gauntlet | Found a transporter.
 13277 | Gauntlet | Found a transporter.
 13281 | Gauntlet | Noticed a balrug
 13289 | Gauntlet | Found a transporter.
 13294 | Gauntlet | Found a transporter.
 13303 | Gauntlet | Found a transporter.
 13323 | Gauntlet | Found a transporter.
 13323 | Gauntlet | Noticed a ghost crab
 13333 | Gauntlet | Noticed a death scarab
 13336 | Gauntlet | Found a transporter.
 13336 | Gauntlet | Noticed a death scarab
 13353 | Gauntlet | Found a transporter.
 13357 | Gauntlet | Found a transporter.
 13359 | Gauntlet | Noticed a blizzard demon
 13365 | Gauntlet | Found a transporter.
 13379 | Gauntlet | Noticed a wolf spider
 13391 | Gauntlet | Found a transporter.
 13393 | Gauntlet | Found a transporter.
 13485 | Gauntlet | Killed a wolf spider
 13567 | Gauntlet | Identified the ring of the Fool {rElec rF+ Str-5 Int+6}
 13589 | Gauntlet | Killed a ghost crab
 13629 | Gauntlet | Identified the +1 cloak "Geocurchebea" {Regen+}
 13646 | Gauntlet | Noticed a minotaur
 13689 | Gauntlet | Killed a minotaur
 13689 | Gauntlet | Received a gift from Okawaru
 13747 | Gauntlet | Identified a scroll of acquirement
 13747 | Gauntlet | Acquired the ring "Etyel" {Fire +Blink rElec}
 13828 | D:12     | Found a staircase to the Orcish Mines.
 13968 | D:12     | Cast into level 1 of the Abyss (kobold)
 14003 | D:12     | Escaped the Abyss
 14369 | D:12     | Reached skill level 12 in Polearms
 14538 | D:12     | Noticed a deep elf pyromancer
 14548 | D:12     | Killed a deep elf pyromancer
 14549 | D:12     | Reached XP level 12. HP: 96/96 MP: 18/18
 14568 | D:12     | Noticed a two-headed ogre
 14586 | D:12     | Killed a two-headed ogre
 14586 | D:12     | Received a gift from Okawaru
 14618 | D:12     | Reached ****** piety under Okawaru
 14933 | D:13     | Noticed a centaur warrior
 14949 | D:13     | Killed a centaur warrior
 15021 | D:13     | Noticed Kirke
 15128 | D:13     | Noticed Nessos
 15128 | D:13     | Noticed a rakshasa
 15149 | D:13     | Killed Nessos
 15150 | D:13     | Reached skill level 10 in Fighting
 15469 | D:12     | Identified the +8 hand axe "Atsaeretz" {flame, Int+4 Dex-2
                  | SInv}
 15477 | D:12     | Found a staircase to the Orcish Mines.
 15598 | D:13     | Killed a rakshasa
 15598 | D:13     | Received a gift from Okawaru
 16082 | D:13     | Killed Kirke
 16083 | D:13     | Reached skill level 13 in Polearms
 16118 | D:13     | Noticed a vault guard
 16119 | D:13     | Noticed an ogre mage
 16125 | D:13     | You fall into a shaft and drop 1 floor!
 16130 | D:14     | Noticed a centaur warrior
 16132 | D:14     | Noticed a centaur warrior
 16170 | D:14     | Noticed a two-headed ogre
 16181 | D:14     | Killed a two-headed ogre
 16182 | D:14     | Reached skill level 10 in Invocations
 16241 | D:14     | Reached skill level 10 in Dodging
 16347 | D:14     | Found a frozen archway.
 16347 | D:14     | Noticed an ice dragon
 16363 | D:14     | Killed an ice dragon
 16387 | IceCv    | Entered an ice cave
 16394 | IceCv    | Reached skill level 1 in Stealth
 16410 | IceCv    | Gained mutation: You are mostly covered in molten scales.
                  | (AC +3) [demonic ancestry]
 16410 | IceCv    | Reached XP level 13. HP: 49/103 MP: 20/20
 16499 | IceCv    | Noticed a white very ugly thing
 16541 | IceCv    | Killed a white very ugly thing
 16843 | IceCv    | Noticed a white very ugly thing
 16855 | IceCv    | HP: 5/103 [golden dragon simulacrum[an orange crystal
                  | statue] (13)]
 16979 | D:14     | Found an iron altar of Okawaru.
 17008 | D:15     | Entered Level 15 of the Dungeon
 17012 | D:15     | Reached skill level 14 in Polearms
 17030 | D:15     | Slain by an orc warrior

Illustrated notes

Levels and vault maps discovered:
D:1:      dpeg_arrival_castle, layout_loops_ring
D:2:      layout_loops_corners, uniq_jessica, uniq_terence
D:3:      layout_loops_ring
D:4:      layout_loops_cross, kennysheep_mini, nicolae_uskayaw_dance_hall,
          serial_shops, kennysheep_little_box, enter_ossuary_3,
          grunt_ministairs_14, amcnicky_mini_rare_corridor_liquid,
          grunt_decor_resistance, uniq_crazy_yiuf_cottage, uniq_sigmund
D:5:      layout_layer_cave, nicolae_qazlal_general_emergency,
          lemuel_temple_firewalk_a, minmay_door_square, grunt_ministairs_9,
          uniq_ijyb, uniq_pikel
D:6:      minmay_flawed_box, layout_loops_ring, minitemple, minmay_three_doors
D:7:      layout_layer_cave
D:8:      layout_basic, mainiacjoe_overflow_paths, mainiacjoe_overflow_alcove_1
D:9:      gammafunk_jiyva_shrine, layout_irregular_city, elyvilon_altar_3,
          serial_shops, shop
D:10:     layout_basic, lair_entry_dummy, uniq_maurice
D:11:     layout_gridville, uniq_urug
D:12:     layout_loops_corners, minmay_orc_entry_temple_small,
          gauntlet_entry_generic
D:13:     layout_long_grid, grunt_vaults_entry_fortified, uniq_kirke,
          uniq_nessos
D:14:     layout_basic, portal_ice_cave_entry_dragon, grunt_ogre_cave,
          chequers_serial_rivers_micro_d, okawaru_trees_1
D:15:     gammafunk_enter_depths_forms, layout_cave_pools,
          hangedman_decor_slide_cut, roderic_serpentine_path
Temple:   compressed_dpeg_triangle_lava_temple

Skill      XL: |  1  2  3  4  5  6  7  8  9 10 11 12 13 |
---------------+----------------------------------------+-----
Polearms       | 3 4 5 6 8 9 10 12 13 14 | 14.0
Dodging        | 3 4 5 6 7 9 10 | 10.0
Fighting       | 3 4 5 6 7 8 9 10 | 10.0
Invocations    | 2 5 8 10 | 10.0
Evocations     | 2 |  2.9
Stealth        | 1 3 |  3.0
Throwing       | |  1.7

Action                   |  1- 3 |  4- 6 |  7- 9 | 10-12 | 13-15 || total
-------------------------+-------+-------+-------+-------+-------++-------
Melee: Trident           |    78 |   102 |   149 |   616 |   129 ||  1074
       Short sword       |    39 |   186 |       |       |       ||   225
       Unarmed           |     8 |    11 |       |       |       ||    19
       Mace              |       |       |   177 |       |       ||   177
       Halberd           |       |       |     4 |   134 |       ||   138
       Punch             |       |       |       |     4 |       ||     4
Throw: Throwing net      |       |       |     2 |     3 |     1 ||     6
Invok: Heroism           |       |       |       |     9 |     3 ||    12
Evoke: Wand              |       |       |     6 |    11 |    24 ||    41
  Use: Potion            |     2 |     2 |       |     4 |     4 ||    12
       Scroll            |       |     3 |     9 |    13 |     3 ||    28
 Stab: Sleeping          |     2 |     2 |     8 |     5 |       ||    17
       Distracted        |     1 |       |       |       |       ||     1
       Held in net/web   |       |       |     1 |     6 |     2 ||     9
       Paralysed         |       |       |       |    10 |    10 ||    20
Armor: Leather armour    |    30 |    76 |    88 |    50 |       ||   244
       Skin              |     9 |    12 |       |    14 |       ||    35
       Troll leather arm |       |       |       |    46 |       ||    46
       Ice dragon scales |       |       |       |    11 |    91 ||   102
Dodge: Dodged            |    82 |   192 |   332 |   573 |   149 ||  1328
